 Dungeon Crawl Stone Soup version 0.31-a0-544-gceb718ecc6 (webtiles) character file.

Game seed: 10706444678862026341

48 RepHenryClay the Stinger (level 3, -2/19 HPs)
             Began as a Deep Elf Venom Mage on Aug 16, 2023.
             Slain by an adder (4 damage)
             ... on level 2 of the Dungeon.
             The game lasted 00:02:36 (1386 turns).

RepHenryClay the Stinger (Deep Elf Venom Mage)      Turns: 1386, Time: 00:02:36

Health: -2/19      AC:  2    Str:  4    XL:     3   Next: 50%
Magic:  1/9        EV: 12    Int: 25    God:
Gold:   84         SH:  0    Dex: 16    Spells: 7/8 levels left

rFire   + . .        a - +0 short sword (elec)
rCold   . . .        (no shield)
rNeg    . . .        d - +0 robe
rPois   .            (no helmet)
rElec   .            (no cloak)
rCorr   .            (no gloves)
SInv    .            (no boots)
Will    +....        (no amulet)
Stlth   +++          (no ring)
HPRegen 0.23/turn    (no ring)
MPRegen 0.11/turn

%: no passive effects
@: lethally poisoned (-2 -> -3), enlightened, flying
A: thin skeletal structure 1, clever 1, fire resistance 1, evolution 1
a: no special abilities


You were on level 2 of the Dungeon.
You visited 1 branch of the dungeon, and saw 2 of its levels.

You collected 84 gold pieces.

Inventory:

Hand Weapons
 a - a +0 short sword of electrocution (weapon)
 h - a +0 mace of protection
Armour
 d - a +0 robe (worn)
Scrolls
 c - 2 scrolls of identify {unknown}
 e - 2 scrolls of teleportation {unknown}
 f - a scroll of enchant weapon {unknown}
 i - a scroll of poison {unknown}
 k - a scroll of fear {unknown}
Potions
 b - a potion of magic


   Skills:
 - Level 2.4 Dodging
 - Level 2.4 Stealth
 - Level 3.0 Spellcasting
 - Level 1.1 Transmutations
 + Level 5.0 Poison Magic


You had 7 spell levels left.
You knew the following spells:

 Your Spells              Type           Power      Damage    Failure   Level
a - Sting                 Tmut/Pois      76%        1d6       2%          1

Your spell library contained the following spells:

 Spells                   Type           Power      Damage    Failure   Level
 Poisonous Vapours        Pois/Air       32%        N/A       5%          2
 Olgreb's Toxic Radiance  Pois           29%        N/A       12%         4
 Mephitic Cloud           Conj/Pois/Air  12%        N/A       16%         3


Dungeon Overview and Level Annotations

Branches:
Dungeon (2/15)

Altars:
Okawaru


Innate Abilities, Weirdness & Mutations

You have a somewhat thin skeletal structure. (Dex +2, Stealth+)
Your mind is acute. (Int +4, Str/Dex -1)
Your flesh is heat resistant. (rF+)
You have hidden genetic potential.


Message History

You barely miss the adder. The adder bites you. The rat barely misses you.
The adder barely misses you.
Damage: -5%(-1hp) hp: 69%(13hp)
You hit the adder.
The adder is moderately wounded.
The rat closely misses you. The adder misses you.
You hit the adder.
The adder is severely wounded.
The rat closely misses you. The adder completely misses you.
You hit the adder but do no damage. Your punch misses the adder.
The adder is severely wounded.
The adder barely misses you. The rat bites you.
Damage: -5%(-1hp) hp: 64%(12hp)
You hit the adder but do no damage.
The adder is severely wounded.
The adder closely misses you. The rat bites you. The adder bites you.
* * * LOW HITPOINT WARNING * * *
You are poisoned.
The adder poisons you!
Huge Dmg: -27%(-5hp) hp: 37%(7hp)
You miss the adder.
The adder is severely wounded.
You feel sick. The rat bites you.
* * * LOW HITPOINT WARNING * * *
The adder completely misses you.
Your magical contamination has completely faded away.
Huge Dmg: -10%(-2hp) hp: 27%(5hp) It was a potion of enlightenment.
You feel very buoyant.
You fly up into the air.
You feel sick. The rat barely misses you. The adder bites you.
* * * LOW HITPOINT WARNING * * *
Huge Dmg: -11%(-2hp) hp: 16%(3hp) It was a potion of mutation.
You feel extremely strange.
You feel clever.
Your bones become slightly less dense.
You feel a hidden potential growing inside you.
You feel resistant to heat.
* * * LOW HITPOINT WARNING * * *
You feel sick. The adder bites you.
You die...

###### ###....###
##........##
#..######†.#
##.##$...##.##
#..#..(B..#..#
#..# #[.#@.# ..
#..# #)†Sr.#
..#..#..$$.....#
#.##.##....#..##
#..#..######..#
#.##........##
#.........###
######.......###.
#...#...#........#


You could see an adder and a rat.

Vanquished Creatures
  An adder (D:2)
  An adder zombie (D:2)
  2 dart slugs
  2 bats (D:2)
  4 endoplasms
  2 giant cockroaches
  2 goblins
  3 hobgoblins (D:2)
  2 quokkas
  A ball python (D:1)
  2 ball python zombies (D:2)
  2 frilled lizards
  3 kobolds (D:1)
  A quokka skeleton (D:2)
  2 rats
30 creatures vanquished.

Notes
Turn   | Place    | Note
-------+----------+-------------------------------------------
     0 | D:1      | RepHenryClay the Deep Elf Venom Mage began the quest for
                  | the Orb.
     0 | D:1      | Reached XP level 1. HP: 10/10 MP: 6/6
   329 | D:1      | Reached XP level 2. HP: 15/15 MP: 5/8
   363 | D:1      | Reached skill level 4 in Poison Magic
   865 | D:2      | Found an iron altar of Okawaru.
  1297 | D:2      | Reached XP level 3. HP: 11/19 MP: 9/9
  1371 | D:2      | Reached skill level 5 in Poison Magic
  1386 | D:2      | Gained mutation: Your mind is acute. (Int +4, Str/Dex -1)
                  | [potion of mutation]
  1386 | D:2      | Gained mutation: You have a somewhat thin skeletal
                  | structure. (Dex +2, Stealth+) [potion of mutation]
  1386 | D:2      | Gained mutation: You have hidden genetic potential. [potion
                  | of mutation]
  1386 | D:2      | Gained mutation: Your flesh is heat resistant. (rF+)
                  | [potion of mutation]
  1386 | D:2      | Slain by an adder

Illustrated notes

Levels and vault maps discovered:
D:1:      minmay_arrival_radiant_lines, layout_basic
D:2:      layout_loops_corners, serial_undead, serial_undead_a, serial_undead_c,
          serial_undead_b, serial_undead_f, basic_altar, minmay_liquid_box,
          chequers_serial_rivers_room_b, minmay_randomly_rotated_circles

Skill      XL: |  1  2  3 |
---------------+----------+-----
Poison Magic   | 4 5 |  5.0
Dodging        | |  2.4
Stealth        | |  2.4
Spellcasting   | |  3.0
Transmutations | |  1.1

Action                     || total
---------------------------++-------
  Melee: Short sword       ||    45
         Punch             ||     1
   Cast: Sting             ||    38
    Use: Potion            ||     2
   Stab: Sleeping          ||     2
         Distracted        ||     1
 Armour: Robe              ||    19
  Dodge: Dodged            ||    47

Table legend: (Time is in decaauts)
 A = Elapsed time spent in this place.
 B = Non-inter-level travel time spent in this place.
 C = Inter-level travel time spent in this place.
 D = Time resting spent in this place.
 E = Time spent auto-exploring this place.
 F = Levels seen in this place.
 G = Mean time per level.
                   A        B        C        D        E       F      G
               +--------+--------+--------+--------+--------+-----+--------+
         Total |   1390 |   1365 |     25 |      0 |   1155 |   2 |  695.0 |
       Dungeon |   1390 |   1365 |     25 |      0 |   1155 |   2 |  695.0 |
               +--------+--------+--------+--------+--------+-----+--------+

Top non-repeatable levels by time:
     D:1: 862 daAuts
     D:2: 527 daAuts
